 Dungeon Crawl Stone Soup version 0.16-b1 (webtiles) character file.

68 timbw the Chopper (level 4, -3/23 HPs)
             Began as a Vine Stalker Skald on Mar 13, 2015.
             Slain by a hobgoblin
             ... wielding a +0 club
              (5 damage)
             ... on level 4 of the Dungeon.
             The game lasted 00:02:18 (372 turns).

timbw the Chopper (Vine Stalker Skald)               Turns: 372, Time: 00:02:18

Health: -3/23      AC:  0    Str: 10    XL:     4   Next: 19%
Magic:  0/8        EV: 18    Int: 12    God:
Gold:   53         SH:  0    Dex: 19    Spells: 1 memorised, 6 levels left

rFire  . . .     SeeInvis .     a - melded +0 hand axe
rCold  . . .     Clarity  .     b - melded +0 leather armour
rNeg   . . .     SustAb   .     (shield currently unavailable)
rPois  .         Gourm    .     (helmet currently unavailable)
rElec  .         Spirit   +     (cloak currently unavailable)
rCorr  .         Warding  .     (gloves currently unavailable)
rMut   .         Stasis   .     i - melded +2 pair of boots
MR     .....                    (no amulet)
Stlth  ++........               (ring currently unavailable)
                                (ring currently unavailable)

@: lethally poisoned (-3 -> -4), bat-form, flying, very quick, not resistant to
hostile enchantments, unstealthy
A: (fangs 0), regeneration 1, magic shield, (antimagic bite), no device heal 3,
rot immunity
a: no special abilities


You were on level 4 of the Dungeon.
You were not hungry.
You were in bat-form.
You visited 1 branch of the dungeon, and saw 4 of its levels.

You collected 53 gold pieces.

Inventory:

Hand weapons
 a - a +0 hand axe (melded)
 m - a +0 blowgun
Missiles
 g - 4 tomahawks (quivered)
 n - 11 poisoned needles
Armour
 b - a +0 leather armour (melded)
 i - a +2 pair of boots (melded)
Scrolls
 h - a scroll of remove curse {unknown}
 j - a scroll of recharging {unknown}
Potions
 e - a potion of flight {unknown}
 l - a potion of agility {unknown}
Books
 c - a book of Battle

   Spells                             Type                      Level
   a - Infusion                       Charms                       1
   b - Shroud of Golubria             Charms/Translocation         2
   c - Song of Slaying                Charms                       2
   d - Spectral Weapon                Hexes/Charms                 3
   e - Regeneration                   Charms/Necromancy            3
Comestibles
 d - 4 bread rations
 f - a chunk of flesh
 k - a meat ration


   Skills:
 - Level 1.7 Fighting
 + Level 3.9 Axes
 - Level 0.7 Armour
 - Level 0.7 Dodging
 - Level 2.1 Spellcasting
 - Level 3.0 Charms


You had 6 spell levels left.
You knew the following spells:

 Your Spells              Type           Power        Failure   Level  Hunger
a - Infusion              Chrm           #.....       24%         1    ##.....


Dungeon Overview and Level Annotations

Branches:
Dungeon (4/15)
 Temple: D:4-7

Altars:
Ashenzari

Annotations:
D:3 Sigmund


Innate Abilities, Weirdness & Mutations

((You have extremely sharp teeth.))
Your natural rate of healing is unusually fast.
When hurt, damage is shared between your health and your magic reserves.
((Your bite disrupts and absorbs the magic of your enemies.))
Potions and wands cannot restore your health.
You are immune to rotting.


Message History

* * * LOW HITPOINT WARNING * * *
You feel sick. The bat hits you.
You fly downwards.
A hobgoblin comes into view. It is wielding a club.
The hobgoblin shouts!
Found 8 gold pieces.
There is a stone staircase leading up here.
* * * LOW HITPOINT WARNING * * *
You feel sick.
You can't open doors in your present form.
You can't open doors in your present form.
You can't do that in your present form.
You aren't carrying any items that can be evoked.
You can't do that in your present form.
You aren't carrying any items that can be evoked.
Unknown command.
You can't do that in your present form.
Unknown command.
The hobgoblin hits you with a club.
You die...

##+###
#....#
##....+
+.....#
#.....#
#.<..#
####+##...$#
#...b......#
+...g......#
####+##....#
#....#
.....#
.....#
####+#


You could see a hobgoblin.

Vanquished Creatures
  An orc priest (D:3)
  2 worms
  2 orcs (D:3)
  A ball python (D:1)
  A giant cockroach (D:1)
  2 goblins
  6 hobgoblins
  3 kobolds
  2 giant geckos
  A giant newt (D:2)
  3 rats (D:1)
24 creatures vanquished.

Notes
Turn   | Place    | Note
--------------------------------------------------------------
     0 | D:1      | timbw, the Vine Stalker Skald, began the quest for the Orb.
     0 | D:1      | Reached XP level 1. HP: 11/11 MP: 3/3
    87 | D:1      | Reached XP level 2. HP: 12/15 MP: 3/5
   206 | D:2      | Reached XP level 3. HP: 14/18 MP: 7/7
   305 | D:3      | Reached XP level 4. HP: 15/23 MP: 5/8
   332 | D:3      | Found a shattered altar of Ashenzari.
   343 | D:3      | Noticed Sigmund
   356 | D:3      | HP: 1/23 [poisoned by a kobold]
   361 | D:3      | HP: 1/23 [poisoned by a kobold]
   367 | D:4      | HP: 1/23 [poisoned by a kobold]
   372 | D:4      | Slain by a hobgoblin

Action                   |  1- 3 |  4- 6 || total
-------------------------+-------+-------++-------
Melee: Hand axe          |    64 |    17 ||    81
